 Dungeon Crawl Stone Soup version 0.31.0-11-ge490571c62 (webtiles) character file.

Game seed: 8647347369042029946

172 Sobieck the Shooter (level 5, -1/31 HPs)
             Began as a Deep Elf Hunter on Feb 1, 2024.
             Was an Initiate of Dithmenos.
             Slain by a scorpion (7 damage)
             ... on level 4 of the Dungeon.
             The game lasted 00:03:28 (1722 turns).

Sobieck the Shooter (Deep Elf Hunter)               Turns: 1722, Time: 00:03:28

Health: -1/31      AC:  4    Str:  8    XL:     5   Next: 27%
Magic:  7/7        EV: 13    Int: 14    God:    Dithmenos [......]
Gold:   94         SH:  0    Dex: 20    Spells: 4/4 levels left

rFire   . . .        a - +0 shortbow
rCold   . . .        (shield currently unavailable)
rNeg    . . .        c - +0 leather armour
rPois   .            i - +0 helmet
rElec   .            (no cloak)
rCorr   .            (no gloves)
SInv    .            (no boots)
Will    .....        r - amulet of regeneration
Stlth   ++           (no ring)
HPRegen 1.05/turn    (no ring)
MPRegen 0.10/turn

%: no passive effects
@: no status effects
A: no striking features
a: Renounce Religion


You were on level 4 of the Dungeon.
You worshipped Dithmenos.
Dithmenos was noncommittal.
You visited 1 branch of the dungeon, and saw 4 of its levels.

You collected 94 gold pieces.

Inventory:

Hand Weapons
 a - a +0 shortbow (weapon)
 o - the +4 mace "Rogerche" {drain, *Rage rPois rF+ SInv}
   (You found it on level 3 of the Dungeon)

   rF+:       It protects you from fire.
   rPois:     It protects you from poison SInv: It lets you see invisible.
   *Rage:     It berserks you when you make melee attacks (+20% chance).
Armour
 c - a +0 leather armour (worn)
 i - a +0 helmet (worn)
 k - a +0 pair of boots
Jewellery
 r - an amulet of regeneration (around neck)
Scrolls
 b - 3 scrolls of blinking
 d - a scroll of fear {unknown}
 f - a scroll of butterflies
Potions
 g - a potion of resistance {unknown}
 j - a potion of attraction {unknown}
 l - 2 potions of curing {unknown}
 n - 2 potions of degeneration {unknown}


   Skills:
 + Level 2.5 Fighting
 * Level 7.2 Ranged Weapons
 + Level 3.9 Dodging
 - Level 1.2 Stealth


You had 4 spell levels left.
You didn't know any spells.
Your spell library was empty.

Dungeon Overview and Level Annotations

Branches:
Dungeon (4/15)
 Temple: D:4-7

Altars:
Dithmenos


Message History

The hobgoblin attacks as it pursues you!
The hobgoblin misses you.
You see here an adder corpse.
There is a stone staircase leading up here.
You shoot an arrow. The arrow hits the hobgoblin!
You kill the hobgoblin!
Dithmenos accepts your kill.
You shoot an arrow. The arrow closely misses the scorpion.
The scorpion stings you.
You are poisoned.
The scorpion poisons you!
You shoot an arrow. The arrow hits the scorpion!
The scorpion is heavily wounded.
You feel very sick.
The scorpion stings you but does no damage.
You shoot an arrow. The arrow hits the scorpion.
The scorpion is heavily wounded.
You feel very sick. The scorpion closely misses you. x2
You shoot an arrow. The arrow closely misses the scorpion.
You feel sick. The scorpion barely misses you.
You shoot an arrow.
The arrow hits the scorpion but does no damage.
The scorpion is heavily wounded.
You feel sick. The scorpion closely misses you.
You shoot an arrow. The arrow barely misses the scorpion.
You feel sick. The scorpion stings you.
* * * LOW HITPOINT WARNING * * *
The scorpion closely misses you.
You shoot an arrow. The arrow hits the scorpion.
The scorpion is almost dead.
You feel sick. The scorpion closely misses you.
You shoot an arrow. The arrow barely misses the scorpion.
You feel sick.
You hear a shout!
The scorpion stings you!
* * * LOW HITPOINT WARNING * * *
A hobgoblin comes into view.
Unknown command.
You shoot an arrow.
The arrow completely misses the scorpion.
You feel sick.
You are no longer poisoned.
The scorpion stings you but does no damage.
The hobgoblin throws a stone.
The stone closely misses you. The scorpion stings you.
* * * LOW HITPOINT WARNING * * *
You shoot an arrow. The arrow hits the scorpion.
The scorpion is almost dead.
The scorpion stings you!
You die...

..... ......$#
.......#
####.......#######
...##.# #.......#
#g##.# #.......##.
#....###..........
#†.#..##.......#
#@s............#
########.#.#.......#
..............######
########.##...#
#.###..# #.# #..#
#.# #..# #.# #..#
#.# #...


You could see a scorpion and a hobgoblin.

Vanquished Creatures
  An orc priest (D:2)
  A bombardier beetle (D:3)
  Terence (D:2)
  2 adders
  A dart slug (D:2)
  2 ribbon worms
  5 orcs (D:3)
  5 endoplasms
  A giant cockroach (D:3)
  4 goblins
  8 hobgoblins
  3 kobolds (D:1)
  2 quokkas
  6 ball pythons
  4 bats
  5 frilled lizards
  7 rats
58 creatures vanquished.

Notes
Turn   | Place    | Note
-------+----------+-------------------------------------------
     0 | D:1      | Sobieck the Deep Elf Hunter began the quest for the Orb.
     0 | D:1      | Reached XP level 1. HP: 12/12 MP: 3/3
   101 | D:1      | Reached XP level 2. HP: 17/17 MP: 4/4
   488 | D:2      | Reached skill level 3 in Dodging
   491 | D:2      | Reached skill level 6 in Ranged Weapons
   502 | D:2      | Reached XP level 3. HP: 19/21 MP: 5/5
   687 | D:2      | Noticed Terence
   700 | D:2      | Killed Terence
   701 | D:2      | Reached XP level 4. HP: 14/26 MP: 6/6
  1288 | D:3      | Found a shadowy altar of Dithmenos.
  1349 | D:2      | HP: 1/27 [orc priest/divine providence (14)]
  1351 | D:2      | Reached skill level 7 in Ranged Weapons
  1351 | D:2      | Reached XP level 5. HP: 3/31 MP: 7/7
  1458 | D:3      | Became a worshipper of Dithmenos the Shadowed
  1530 | D:3      | Identified the +4 mace "Rogerche" {drain, *Rage rPois rF+
                  | SInv}
  1722 | D:4      | Slain by a scorpion

Illustrated notes

Levels and vault maps discovered:
D:1:      minmay_arrival_stone_box, layout_rooms
D:2:      layout_basic, uniq_terence
D:3:      layout_rooms, nicolae_dithmenos_shadow_blocks
D:4:      layout_basic, mainiacjoe_overflow_alcove_2, lemuel_doored_altar

Skill      XL: |  1  2  3  4 |
---------------+-------------+-----
Dodging        | 3 |  3.9
Ranged Weapons | 6 7 |  7.2
Fighting       | 2 |  2.5
Stealth        | |  1.2

Action                     |  1- 3 |  4- 6 || total
---------------------------+-------+-------++-------
   Fire: Shortbow          |    97 |    97 ||   194
    Use: Scroll            |       |     5 ||     5
 Armour: Leather armour    |    13 |    18 ||    31
  Dodge: Dodged            |    33 |    30 ||    63
